 Dungeon Crawl Stone Soup version 0.26.1-11-gd32895ea62 (webtiles) character file.

Game seed: 16754889558970671658

67 Zeld the Twirler (level 4, -2/29 HPs)
             Began as an Octopode Gladiator on May 18, 2021.
             Slain by a gnoll
             ... wielding a +0 spear
              (10 damage)
             ... on level 2 of the Dungeon.
             The game lasted 00:01:45 (1540 turns).

Zeld the Twirler (Octopode Gladiator)               Turns: 1540, Time: 00:01:45

Health: -2/29      AC:  1    Str: 13    XL:     4   Next: 18%
Magic:  4/4        EV: 14    Int: 10    God:
Gold:   73         SH:  0    Dex: 14    Spells: 3/3 levels left

rFire    . . .     SeeInvis .   a - +0 quarterstaff
rCold    . . .     Faith    .   (shield currently unavailable)
rNeg     . . .     Spirit   .   b - +0 hat
rPois    .         Reflect  .   (no amulet)
rElec    .         Harm     .   (no ring)
rCorr    .         Rampage  .   (no ring)
Will     .....                  (no ring)
Stlth    ++........             (no ring)
HPRegen  0.09/turn              (no ring)
MPRegen  0.09/turn              (no ring)
                                (no ring)
                                (no ring)

@: no status effects
A: almost no armour, stealthy swim, amphibious, 8 rings, constrict 8, camouflage
1, gelatinous body 1
a: no special abilities


You were on level 2 of the Dungeon.
You visited 1 branch of the dungeon, and saw 2 of its levels.

You collected 73 gold pieces.

Inventory:

Hand Weapons
 a - a +0 quarterstaff (weapon)
Missiles
 c - 3 throwing nets (quivered)
Armour
 b - a +0 hat (worn)
Scrolls
 d - 2 scrolls of enchant armour {unknown}
 f - a scroll of remove curse {unknown}
 g - 2 scrolls of amnesia {unknown}
 h - 2 scrolls of identify {unknown}
Potions
 e - a potion of lignification {unknown}


   Skills:
 - Level 2.0 Fighting
 * Level 4.0 Staves
 * Level 3.3 Throwing
 - Level 3.0 Dodging


You had 3 spell levels left.
You didn't know any spells.
Your spell library was empty.

Dungeon Overview and Level Annotations

Branches:
Dungeon (2/15)

Altars:
Vehumet


Innate Abilities, Weirdness & Mutations

You cannot wear most types of armour.
You are very stealthy in the water. (Stealth+)
You are amphibious.
You can wear up to eight rings at the same time.
You can use your tentacles to constrict eight enemies at once.
Your skin changes colour to match your surroundings (Stealth+).
Your rubbery body absorbs attacks. (AC +1, EV +1)


Message History

The ball python constricts you.
You hit the ball python.
You kill the ball python!
No target in view! 2 gnolls come into view.
The gnoll shouts!
A gnoll comes into view.
There are monsters nearby!
There are monsters nearby!
A gnoll comes into view. It is wielding a +0 spear.
The gnoll hits you from afar with a +0 spear.
The gnoll barely misses you. The gnoll hits you with a +0 spear.
The gnoll shouts! x2
You hit the gnoll. Your grab misses the gnoll.
The gnoll is heavily wounded.
The gnoll hits you from afar with a +0 spear.
The gnoll hits you with a +0 spear.
* * * LOW HITPOINT WARNING * * *
The gnoll hits you from afar with a +0 spear!
You die...

.>########.#
#.# #.# #.#
#.# #.# #.#
#.# #.# #.#
#g# #.# #.#
#g# #.# #.#
#g# #. #.#
#g# #.# #.#
#.# #@#
#.#####.##
#........#
##########


You could see 4 gnolls.

Vanquished Creatures
  2 adders (D:2)
  3 worms (D:2)
  A dart slug (D:1)
  4 bats
  3 giant cockroaches
  3 goblins
  7 hobgoblins
  A quokka (D:2)
  A ball python (D:2)
  3 frilled lizards
  6 kobolds
  6 rats
40 creatures vanquished.

Vanquished Creatures (others)
  4 plants (D:2)
4 creatures vanquished.

Grand Total: 44 creatures vanquished

Notes
Turn   | Place    | Note
-------+----------+-------------------------------------------
     0 | D:1      | Zeld the Octopode Gladiator began the quest for the Orb.
     0 | D:1      | Reached XP level 1. HP: 14/14 MP: 1/1
   124 | D:1      | Reached XP level 2. HP: 19/19 MP: 2/2
   939 | D:2      | Found a radiant altar of Vehumet.
   954 | D:2      | Reached XP level 3. HP: 18/24 MP: 3/3
  1352 | D:2      | Reached XP level 4. HP: 27/29 MP: 4/4
  1356 | D:2      | Reached skill level 4 in Staves
  1540 | D:2      | Slain by a gnoll

Illustrated notes

Levels and vault maps discovered:
D:1:      shiori_arrival_maze, layout_basic, chequers_big_river
D:2:      cheibrodos_old_hovel, layout_basic, vehumet_crystals,
          kennysheep_ying_yang, chequers_ecumenical_altar_simple

Skill      XL: |  1  2  3  4 |
---------------+-------------+-----
Throwing       | 3 |  3.3
Staves         | 4 |  4.0
Fighting       | |  2.0
Dodging        | |  3.0

Action                   |  1- 3 |  4- 6 || total
-------------------------+-------+-------++-------
Melee: Quarterstaff      |    57 |    15 ||    72
       Constrict         |    14 |     4 ||    18
       Tentacles         |     9 |     3 ||    12
 Stab: Sleeping          |     4 |     3 ||     7
       Distracted        |     1 |       ||     1
Armor: Skin              |     9 |     1 ||    10
Dodge: Dodged            |    31 |     8 ||    39
